 Dungeon Crawl Stone Soup version 0.16-b1 (webtiles) character file.

1292 asthiss the Basher (level 8, -2/71 HPs)
             Began as a Minotaur Berserker on Mar 14, 2015.
             Was an Initiate of Okawaru.
             Slain by a polar bear (5 damage)
             ... created by the rage of Trog
             ... on level 5 of the Dungeon.
             The game lasted 00:38:17 (4890 turns).

asthiss the Basher (Minotaur Berserker)             Turns: 4890, Time: 00:38:20

Health: -2/71      AC: 14    Str: 28    XL:     8   Next: 30%
Magic:  3/3        EV: 10    Int:  4    God:    Okawaru [......]
Gold:   270        SH:  3    Dex: 11    Spells: 0 memorised, 7 levels left

rFire  . . .     SeeInvis .     a - +2 mace
rCold  . . .     Clarity  .     n - +1 chain mail
rNeg   . . .     SustAb   .     d - +0 buckler
rPois  .         Gourm    .     (helmet restricted)
rElec  .         Spirit   .     (no cloak)
rCorr  .         Warding  .     e - +1 pair of gloves
rMut   .         Stasis   .     r - +0 pair of boots
MR     .....                    t - amulet of regeneration
Stlth  ..........               (no ring)
                                (no ring)

@: mighty, about to teleport, very slightly contaminated, hasted, very quick,
not resistant to hostile enchantments, extremely unstealthy
A: retaliatory headbutt, horns 2
a: Renounce Religion


You were on level 5 of the Dungeon.
You worshipped Okawaru.
Okawaru was noncommittal.
You were not hungry.

You visited 1 branch of the dungeon, and saw 5 of its levels.

You collected 270 gold pieces.

Inventory:

Hand weapons
 a - a +2 mace (weapon)
 k - a +4 trident
Missiles
 g - 50 stones (quivered)
Armour
 d - a +0 buckler (worn)
 e - a +1 pair of gloves (worn)
 n - a +1 chain mail (worn)
 r - a +0 pair of boots (worn)
 w - a +1 leather armour of poison resistance
Jewellery
 t - an amulet of regeneration (around neck)
Scrolls
 o - 3 scrolls of remove curse
Potions
 b - a potion of haste
 f - 2 potions of might
 h - a potion of curing
 i - 3 potions of brilliance
 j - 2 potions of ambrosia
 l - 2 potions of magic
 s - a potion of heal wounds
 u - a potion of berserk rage
 v - a potion of cancellation
Comestibles
 c - a beef jerky
 p - a slice of pizza


   Skills:
 + Level 6.4 Fighting
 * Level 8.2 Maces & Flails
 + Level 6.1 Armour
 + Level 5.4 Dodging


You had 7 spell levels left.
You didn't know any spells.

Dungeon Overview and Level Annotations

Branches:
Dungeon (5/15)             Temple (0/1) D:5

Altars:
Elyvilon
Kikubaaqudgha
Makhleb
Okawaru
Xom

Shops:
D:5 }


Innate Abilities, Weirdness & Mutations

You reflexively headbutt those who attack you in melee.
You have a pair of horns on your head.


Message History

The polar bear bites you.
* * * LOW HITPOINT WARNING * * *
The polar bear completely misses you.
The polar bear claws you but does no damage.
The polar bear bites you.
* * * LOW HITPOINT WARNING * * *
The polar bear misses you. The polar bear closely misses you.
The polar bear misses you.
The polar bear claws you but does no damage.
The polar bear claws you.
* * * LOW HITPOINT WARNING * * *
The polar bear closely misses you.
The polar bear claws you but does no damage. x2
You block the polar bear's attack. The polar bear claws you.
* * * LOW HITPOINT WARNING * * *
The polar bear barely misses you.
The polar bear bites you but does no damage.
The polar bear claws you but does no damage.
The polar bear claws you.
You die...

################ #######
#..............###.<.... #####
#..##########.##∩'.#####
....######..## #####.######
###.#........# #....).....# #
##.#.####...#####.###.####.# ##
#............hh@..###.# #.# #.
##..#.####....hh....##.####.####.
....#.# #....###...##...).......
###.#.# #......#...####.........
###.#.## ##...#.#...# #(##.#####
##.....## ##.##.#...# #.##.#
#...^^..# #.##.#...# #.##.#
...^_^..# #.##.....####.##.#
##.^.^..# #.##.#...........#


You could see 3 polar bears and a black bear (berserk).

Vanquished Creatures
  Purgy (D:3)
  2 ogres
  2 ice beasts (D:5)
  The ghost of Tarquin the Cutter, an average DEWr of Dithmenos (D:5)
  Blork the orc (D:5)
  2 scorpions
  A hound (D:3)
  2 crimson imps (D:5)
  2 orc priests
  An iguana (D:5)
  A jelly (D:5)
  2 orc wizards
  3 worker ants
  A killer bee zombie (D:5)
  Robin (D:3)
  2 gnolls (D:5)
  5 adders
  2 giant mites
  3 worms (D:2)
  A shadow imp (D:5)
  5 giant geckos
  10 orcs
  10 bats
  3 bat zombies (D:3)
  7 giant cockroaches
  9 hobgoblins
  3 quokkas
  2 ball pythons
  10 giant newts
  18 goblins
  20 jackals
  13 kobolds
  A quokka skeleton (D:4)
  8 rats
  6 rat zombies (D:3)
161 creatures vanquished.

Notes
Turn   | Place    | Note
--------------------------------------------------------------
     0 | D:1      | asthiss, the Minotaur Berserker, began the quest for the Orb.
     0 | D:1      | Reached XP level 1. HP: 19/19 MP: 1/1
   416 | D:1      | Reached XP level 2. HP: 25/27 MP: 1/1
   507 | D:1      | Reached skill level 4 in Fighting
   658 | D:1      | Acquired Trog's second power
   947 | D:1      | Reached XP level 3. HP: 31/33 MP: 2/2
  1138 | D:1      | You fall through a shaft!
  1718 | D:2      | Reached XP level 4. HP: 31/41 MP: 2/2
  2351 | D:3      | Noticed Robin
  2361 | D:3      | Killed Robin
  2361 | D:3      | Reached XP level 5. HP: 47/47 MP: 2/2
  2402 | D:3      | Noticed Purgy
  2428 | D:3      | Killed Purgy
  2428 | D:3      | Acquired Trog's third power
  2428 | D:3      | Reached skill level 5 in Fighting
  2428 | D:3      | Reached skill level 5 in Maces & Flails
  2785 | D:3      | Reached XP level 6. HP: 56/56 MP: 3/3
  2794 | D:3      | Found an ancient bone altar of Kikubaaqudgha.
  3022 | D:3      | Found a white marble altar of Elyvilon.
  3196 | D:3      | Found a burning altar of Makhleb.
  3196 | D:3      | Noticed a green death
  3593 | D:4      | Reached skill level 6 in Maces & Flails
  3605 | D:4      | Reached XP level 7. HP: 61/61 MP: 3/3
  3876 | D:4      | Reached skill level 5 in Armour
  4065 | D:5      | Entered Level 5 of the Dungeon
  4067 | D:5      | Found Puyrch Udan's Gadget Shop.
  4145 | D:5      | Reached skill level 7 in Maces & Flails
  4156 | D:5      | Found a shimmering altar of Xom.
  4264 | D:5      | Found a staircase to the Ecumenical Temple.
  4459 | D:5      | Noticed Tarquin's ghost (average DEWr)
  4461 | D:5      | Reached skill level 5 in Dodging
  4472 | D:5      | Killed Tarquin's ghost
  4480 | D:5      | Reached XP level 8. HP: 62/70 MP: 3/3
  4528 | D:5      | Found an iron altar of Okawaru.
  4565 | D:5      | Fell from the grace of Trog
  4565 | D:5      | Became a worshipper of Warmaster Okawaru
  4636 | D:5      | Noticed Blork the orc
  4656 | D:5      | Killed Blork the orc
  4718 | D:5      | Reached skill level 8 in Maces & Flails
  4883 | D:5      | Noticed a polar bear
  4883 | D:5      | Noticed a polar bear
  4883 | D:5      | Noticed a polar bear
  4890 | D:5      | HP: 3/71 [polar bear[the rage of Trog] (3)]
  4890 | D:5      | Slain by a polar bear

Action                   |  1- 3 |  4- 6 |  7- 9 || total
-------------------------+-------+-------+-------++-------
Melee: Mace              |   104 |   148 |   143 ||   395
Throw: Stone             |     5 |     3 |       ||     8
Invok: Berserk           |       |     2 |       ||     2
       Trog's Hand       |       |     1 |       ||     1
  Use: Scroll            |     9 |     2 |     9 ||    20
       Potion            |       |       |     6 ||     6
  Eat: Bread ration      |     1 |     1 |     1 ||     3
       Meat ration       |       |     1 |       ||     1
